 Dungeon Crawl Stone Soup version 0.20-a0-1006-ge6c5631 (webtiles) character file.

900 Monsterracer the Firebug (level 7, 0/38 HPs)
             Began as a Deep Elf Fire Elementalist on Apr 13, 2017.
             Was an Initiate of Vehumet.
             Shot with a sling bullet by Joseph (13 damage)
             ... on level 7 of the Dungeon.
             The game lasted 00:15:41 (6650 turns).

Monsterracer the Firebug (DEFE)                     Turns: 6650, Time: 00:15:42

Health: 0/38       AC:  5    Str:  5    XL:     7   Next: 79%
Magic:  8/17       EV: 13    Int: 22    God:    Vehumet [......]
Gold:   268        SH:  0    Dex: 15    Spells: 4/17 levels left

rFire    + . .     SeeInvis .   h - +1 dagger
rCold    x . .     Gourm    .   (no shield)
rNeg     . . .     Faith    .   a - +0 robe
rPois    .         Spirit   .   (no helmet)
rElec    .         Reflect  .   (no cloak)
rCorr    .         Harm     .   (no gloves)
MR       .....                  k - +0 pair of boots
Stlth    ++........             (no amulet)
Regen    0.2/turn               d - +2 ring of protection
MPRegen  0.2/turn               o - ring of fire

@: very slightly contaminated
A: no striking features
a: Renounce Religion


You were on level 7 of the Dungeon.
You worshipped Vehumet.
Vehumet was noncommittal.
You were not hungry.

You visited 2 branches of the dungeon, and saw 8 of its levels.

You collected 268 gold pieces.

Inventory:

Hand Weapons
 h - a +1 dagger (weapon)
Armour
 a - a +0 robe (worn)
 k - a +0 pair of boots (worn)
Jewellery
 d - a +2 ring of protection (left hand)
 o - a ring of fire (right hand)
 p - an uncursed ring of positive energy
Scrolls
 e - 4 scrolls of teleportation
 f - a scroll of amnesia
 i - a scroll of fog
 j - a scroll of magic mapping
 m - 3 scrolls of fear
 n - a scroll of remove curse
 q - 2 scrolls of identify
 r - a scroll of enchant weapon
Books
 b - a book of Flames

   Spells                             Type                      Level
   a - Flame Tongue                   Conjuration/Fire             1
   b - Throw Flame                    Conjuration/Fire             2
   c - Conjure Flame                  Conjuration/Fire             3
   d - Inner Flame                    Hexes/Fire                   3
   e - Sticky Flame                   Conjuration/Fire             4
   f - Fireball                       Conjuration/Fire             5
Comestibles
 c - 4 bread rations
 g - 5 fruits


   Skills:
 + Level 1.1 Fighting
 + Level 1.2 Short Blades
 + Level 3.1 Dodging
 - Level 2.4 Stealth
 + Level 5.8 Spellcasting
 * Level 5.8 Conjurations
 * Level 6.6 Fire Magic


You had 4 spell levels left.
You knew the following spells:

 Your Spells              Type           Power        Failure   Level  Hunger
a - Flame Tongue          Conj/Fire      #####        1%          1    None
b - Conjure Flame         Conj/Fire      ######..     1%          3    ##.....
c - Sticky Flame          Conj/Fire      ######..     10%         4    ####...
d - Fireball              Conj/Fire      ######....   21%         5    #####..


Dungeon Overview and Level Annotations

Branches:
Dungeon (7/15)             Temple (1/1) D:7

Altars:
Ashenzari
Cheibriados
Dithmenos
Elyvilon
Fedhas
Gozag
Hepliaklqana
Kikubaaqudgha
Makhleb
Nemelex Xobeh
Okawaru
Qazlal
Ru
Trog
Uskayaw
Vehumet
Wu Jian
Xom
Yredelemnul
Zin
The Shining One

Shops:
D:6 [

Annotations:
D:7 Joseph


Message History

Joseph is moderately wounded.
Joseph shoots a sling bullet.
The sling bullet closely misses you.
Casting: Flame Tongue
Confirm with . or Enter, or press ? or * to list all spells.
Aiming: Flame Tongue
Press: ? - help, Shift-Dir - straight line, f/p - Joseph
Aim: Joseph, wielding a hunting sling and wearing a leather armour (moderately wounded)
You feel a surge of power!
You miscast Flame Tongue.
You are very lightly contaminated with residual magic.
Nothing appears to happen.
Joseph shoots a sling bullet.
The sling bullet hits you!
Casting: Flame Tongue
Confirm with . or Enter, or press ? or * to list all spells.
Aiming: Flame Tongue
Press: ? - help, Shift-Dir - straight line, f/p - Joseph
Aim: Joseph, wielding a hunting sling and wearing a leather armour (moderately wounded)
You feel a surge of power!
The flame tongue hits Joseph.
Joseph is heavily wounded.
Joseph shoots a sling bullet.
The sling bullet hits you!
You die...

...........#
*,,,,,,,**,,*,
...........#
*,,,,,,,***,*,
...........#
*,,,,,,,* *,,,
###'########
*,,,,,,,* **,,
#.##############
*,,,,,,,* *,,
#.............(#
*,,,,,,,* *,,
##############.#
*,,,,,,,* **,
#.# *,,,,,,,* *>
#@# *,,,,,,,* **
#ยง# *,,,,,,,*
#.#**,,,,,,,*
#@#,,,,******
#.#,**** #.#,*
#.#,* #.#,*
*,*,*


You could see Joseph.

Vanquished Creatures
  Menkaure (D:5)
  An orc warrior (D:7)
  A sky beast (D:5)
  3 bullfrogs (D:7)
  An oklob sapling (D:7)
  A howler monkey (D:6)
  A bullfrog skeleton (D:7)
  A hound (D:7)
  An iguana (D:6)
  An orc wizard (D:2)
  A worker ant (D:6)
  A worker ant zombie (D:6)
  7 adders
  4 gnolls (D:3)
  An ooze (D:2)
  2 adder zombies
  A worm (D:3)
  2 dart slugs (D:3)
  2 leopard geckos (D:3)
  10 orcs
  3 bats
  5 giant cockroaches
  10 goblins
  5 hobgoblins
  A quokka (D:6)
  A ball python (D:2)
  A frilled lizard (D:2)
  6 kobolds
  12 rats
  A plant (D:7)
88 creatures vanquished.

Notes
Turn   | Place    | Note
-------+----------+-------------------------------------------
     0 | D:1      | Monsterracer the Deep Elf Fire Elementalist began the quest for the Orb.
     0 | D:1      | Reached XP level 1. HP: 10/10 MP: 6/6
   408 | D:1      | Reached XP level 2. HP: 15/15 MP: 6/8
  1242 | D:2      | Reached skill level 4 in Fire Magic
  1242 | D:2      | Reached XP level 3. HP: 16/19 MP: 2/9
  1252 | D:2      | Learned a level 3 spell: Conjure Flame
  1733 | D:3      | Reached XP level 4. HP: 24/24 MP: 7/11
  1758 | D:3      | Learned a level 4 spell: Sticky Flame
  2504 | D:3      | Found a faded altar of an unknown god.
  2539 | D:3      | Reached XP level 5. HP: 28/28 MP: 11/13
  2827 | D:4      | Learned a level 1 spell: Flame Tongue
  3166 | D:5      | Entered Level 5 of the Dungeon
  3255 | D:5      | Noticed Menkaure
  3260 | D:5      | Killed Menkaure
  3260 | D:5      | Reached skill level 5 in Fire Magic
  3260 | D:5      | Reached XP level 6. HP: 17/32 MP: 10/15
  3413 | D:5      | Learned a level 5 spell: Fireball
  4048 | D:5      | Noticed a sky beast
  4052 | D:5      | Killed a sky beast
  4052 | D:5      | Reached skill level 5 in Spellcasting
  4509 | D:6      | Found Tusad's Armour Shop.
  4880 | D:6      | Reached skill level 5 in Conjurations
  5115 | D:6      | Reached skill level 6 in Fire Magic
  5115 | D:6      | Reached XP level 7. HP: 25/36 MP: 5/16
  5817 | D:7      | Found a staircase to the Ecumenical Temple.
  5984 | D:7      | Reached skill level 1 in Fighting
  5984 | D:7      | Reached skill level 1 in Short Blades
  6317 | Temple   | Entered the Ecumenical Temple
  6370 | Temple   | Became a worshipper of Vehumet
  6639 | D:7      | Noticed Joseph
  6650 | D:7      | Shot with a sling bullet by Joseph

Vault maps used:
D:1:      dpeg_arrival_rhombus
D:3:      chequers_ecumenical_altar_island
D:4:      first_bread, serial_bayou, serial_bayou_pond_c, serial_bayou_lake_a,
          serial_bayou_lagoon_a, serial_bayou_pond_d, hangedman_feature_mirror,
          uniq_sigmund, uniq_iyjb
D:5:      uniq_menkaure
D:6:      serial_shops, nicolae_shop_behind_doors, kennysheep_generic_room_11
D:7:      minmay_temple_entry_oklob, uniq_joseph
Temple:   compressed_dpeg_triangle_lava_temple

Skill      XL: |  1  2  3  4  5  6  7 |
---------------+----------------------+-----
Conjurations   | 2 3 4 5 |  5.8
Fire Magic     | 4 5 6 |  6.6
Spellcasting   | 4 5 |  5.8
Fighting       | 1 |  1.1
Short Blades   | 1 |  1.2
Dodging        | 3 |  3.1
Stealth        | |  2.4

Action                   |  1- 3 |  4- 6 |  7- 9 || total
-------------------------+-------+-------+-------++-------
Melee: Dagger            |     2 |    75 |   166 ||   243
 Cast: Flame Tongue      |    59 |    75 |    38 ||   172
       Sticky Flame      |       |    11 |     8 ||    19
       Conjure Flame     |       |       |     3 ||     3
  Use: Potion            |     3 |     1 |     2 ||     6
       Scroll            |       |    10 |     1 ||    11
 Stab: Sleeping          |       |     1 |       ||     1
  Eat: Chunk             |     2 |    12 |       ||    14
       Meat ration       |       |       |     1 ||     1
       Royal jelly       |       |       |     1 ||     1
Armor: Robe              |     4 |    22 |    28 ||    54
Dodge: Dodged            |    20 |    67 |    64 ||   151
